 Dungeon Crawl Stone Soup version 0.27-a0-720-g3f424a255b (webtiles) character file.

Game seed: 10868516659897686804

537 PentaManta the Insei (level 7, -1/46 HPs)
             Began as an Octopode Transmuter on Mar 23, 2021.
             Slain by Crazy Yiuf
             ... wielding a +3 quarterstaff of chaos
              (13 damage)
             ... on level 4 of the Dungeon.
             The game lasted 00:08:15 (4296 turns).

PentaManta the Insei (Octopode Transmuter)          Turns: 4296, Time: 00:08:15

Health: -1/46      AC:  2    Str:  9    XL:     7   Next: 25%
Magic:  3/10       EV: 21    Int: 16    God:
Gold:   162        SH:  0    Dex: 19    Spells: 4/10 levels left

rFire    . . .     SeeInvis .     - Unarmed
rCold    . . .     Faith    .   (shield currently unavailable)
rNeg     . . .     Spirit   .   (helmet currently unavailable)
rPois    x         Reflect  .   (no amulet)
rElec    .         Harm     .   (no ring)
rCorr    .         Rampage  .   (no ring)
Will     .....                  (no ring)
Stlth    +++.......             (no ring)
HPRegen  0.15/turn              (no ring)
MPRegen  0.12/turn              (no ring)
                                (no ring)
                                (no ring)

@: lethally poisoned (-1 -> -9), spider-form (expiring)
A: venomous fangs, almost no armour, (amphibious), 8 rings, tiny, (camouflage
1), (gelatinous body 1), (nimble swimmer 1), (tentacles)
a: End Transformation


You were on level 4 of the Dungeon.
You were a venomous arachnid creature.
You visited 1 branch of the dungeon, and saw 4 of its levels.

You collected 162 gold pieces.

Inventory:

Missiles
 h - 6 atropa-tipped darts
Wands
 i - a wand of polymorph (11)
Scrolls
 b - a scroll of summoning {unknown}
 c - 2 scrolls of identify {unknown}
 d - a scroll of teleportation {unknown}
 e - 4 scrolls of amnesia {unknown}
 f - a scroll of vulnerability {unknown}
 g - a scroll of enchant weapon {unknown}
 k - a scroll of fear {unknown}
Potions
 a - a potion of curing {unknown}
 j - a potion of might {unknown}


   Skills:
 - Level 3.4 Fighting
 + Level 4.0 Dodging
 - Level 4.3 Stealth
 + Level 4.6 Unarmed Combat
 + Level 2.3 Spellcasting
 + Level 2.5 Transmutations
 + Level 1.4 Poison Magic


You had 4 spell levels left.
You knew the following spells:

 Your Spells              Type           Power      Damage    Failure   Level
a - Beastly Appendage     Tmut           18%        N/A       19%         1
b - Wereblood             Tmut           9%         N/A       26%         2
c - Spider Form           Tmut/Pois      4%         N/A       47%         3

Your spell library contained the following spells:

 Spells                   Type           Power      Damage    Failure   Level
 Animate Skeleton         Necr           2%         N/A       41%         1
 Apportation              Tloc           2%         N/A       41%         1
 Corona                   Hex            1%         N/A       41%         1
 Summon Small Mammal      Summ           4%         N/A       41%         1
 Call Imp                 Summ           1%         N/A       52%         2
 Call Canine Familiar     Summ           1%         N/A       73%         3
 Summon Guardian Golem    Hex/Summ       1%         N/A       73%         3
 Ice Form                 Ice/Tmut       5%         N/A       89%         4
 Summon Ice Beast         Ice/Summ       1%         N/A       97%         4
 Summon Lightning Spire   Summ/Air       1%         N/A       97%         4
 Blade Hands              Tmut           4%         N/A       97%         5


Dungeon Overview and Level Annotations

Branches:
Dungeon (4/15)             Temple (0/1) D:4

Altars:
Vehumet

Annotations:
D:4 Crazy Yiuf, Grinder


Innate Abilities, Weirdness & Mutations

You are a venomous arachnid creature.
You have poisonous fangs.
You are tiny and dextrous.
Your spellcasting is less reliable in this form.
Your armour is entirely melded.
You are incapable of wielding weapons or throwing items.
You cannot wear most types of armour.
((You are amphibious.))
You can wear up to eight rings at the same time.
((Your skin changes colour to match your surroundings (Stealth+).))
((Your rubbery body absorbs attacks. (AC +1, EV +1)))
((You are stealthy while swimming. (Stealth+)))
((You have tentacles for arms and can constrict up to eight enemies at once.))


Message History

You can't see that place.
What are your orders? t - Shout!
Orders for allies: a - Attack new target. r - Retreat! s - Stop attacking. g - Guard the area. f - Follow me.
Anything else - Cancel.
You shout for attention!
Crazy Yiuf shouts!
Casting: Spider Form (quite dangerous; 26% risk of failure)
Confirm with . or Enter, or press ? or * to list all spells.
The spell is quite dangerous to cast (26% risk of failure)!
Continue anyway? [Y]es or [N]o only, please.
The spell is quite dangerous to cast (26% risk of failure)!
Continue anyway? [Y]es or [N]o only, please.
The spell is quite dangerous to cast (26% risk of failure)!
Continue anyway?
You turn into a venomous arachnid creature.
Casting: Spider Form (quite dangerous; 47% risk of failure)
Confirm with . or Enter, or press ? or * to list all spells.
Your transformation has ended.
One of your tentacles grows a vicious spike.
Crazy Yiuf grits, "Two arm aubergine!"
Casting: Beastly Appendage (safe; 7% risk of failure)
Confirm with . or Enter, or press ? or * to list all spells.
The spell is quite dangerous to cast (26% risk of failure)!
Continue anyway?
Your tentacle spike disappears.
You turn into a venomous arachnid creature.
You open the door. You completely miss Crazy Yiuf. You hit Crazy Yiuf.
Crazy Yiuf is poisoned.
Crazy Yiuf is moderately wounded.
Your transformation is almost over.
Crazy Yiuf cries, "Two ragdoll stair!"
Crazy Yiuf hits you with a +3 quarterstaff of chaos!
You are poisoned.
You barely miss Crazy Yiuf.
Crazy Yiuf is moderately wounded.
* * * LOW HITPOINT WARNING * * *
You feel extremely sick.
Crazy Yiuf hits you with a +3 quarterstaff of chaos!
You die...

#####.#.########..##
...##.#.# #....#
#####.#.. ♣....♣
#####.##.# ♣♣...♣
.......#.. ♣♣.♣♣
#......#..# ♣♣.♣
#.......... ♣.♣♣
.......##..# ♣♣.♣
..###.... .# ♣s♣♣
..# #.###. # #g# ...
... . ... ... ..#.
#...# #)..# ## #####
.# .################
.............#..#


You could see Crazy Yiuf (very poisoned).

Vanquished Creatures
  2 ogres
  A phantom (D:4)
  A scorpion (D:4)
  A hound (D:4)
  Natasha (thrice) (D:3)
  Terence (D:2)
  A hound skeleton (D:4)
  A howler monkey skeleton (D:4)
  4 adders
  A worm (D:3)
  A dart slug (D:1)
  4 orcs (D:3)
  3 ball pythons
  3 giant cockroaches
  4 goblins
  3 hobgoblins
  5 kobolds
  4 oozes (D:3)
  A quokka (D:3)
  A bat (D:3)
  3 frilled lizards
  5 rats
53 creatures vanquished.

Notes
Turn   | Place    | Note
-------+----------+-------------------------------------------
     0 | D:1      | PentaManta the Octopode Transmuter began the quest for the
                  | Orb.
     0 | D:1      | Reached XP level 1. HP: 13/13 MP: 3/3
   410 | D:1      | You fall into a shaft and drop 1 floor!
   417 | D:2      | Reached skill level 1 in Stealth
   417 | D:2      | Reached XP level 2. HP: 18/18 MP: 3/5
   479 | D:2      | Found a radiant altar of Vehumet.
   697 | D:2      | Reached XP level 3. HP: 20/24 MP: 4/6
  1461 | D:2      | Noticed Terence
  1476 | D:2      | Killed Terence
  1477 | D:2      | Reached XP level 4. HP: 18/29 MP: 7/7
  2086 | D:3      | Noticed Natasha
  2092 | D:3      | Killed Natasha
  2145 | D:3      | Noticed Natasha
  2154 | D:3      | Killed Natasha
  2155 | D:3      | Reached XP level 5. HP: 17/35 MP: 6/8
  2710 | D:3      | Noticed Natasha
  2719 | D:3      | Killed Natasha
  3158 | D:3      | Learned a level 2 spell: Wereblood
  3162 | D:3      | Learned a level 3 spell: Spider Form
  3225 | D:4      | Noticed an ogre
  3269 | D:3      | Killed an ogre
  3270 | D:3      | Reached XP level 6. HP: 42/42 MP: 2/9
  3857 | D:4      | Reached skill level 1 in Poison Magic
  3857 | D:4      | Reached XP level 7. HP: 32/46 MP: 10/10
  4130 | D:4      | Noticed Grinder
  4180 | D:4      | Found a staircase to the Ecumenical Temple.
  4284 | D:4      | Found a runed translucent door.
  4285 | D:4      | Noticed Crazy Yiuf
  4296 | D:4      | Slain by Crazy Yiuf

Illustrated notes

Levels and vault maps discovered:
D:1:      matt_arrival_los_fun, layout_basic
D:2:      layout_basic, nicolae_vehumet_radiance, uniq_terence
D:3:      layout_loops_ring, uniq_natasha
D:4:      layout_basic, minmay_temple_entry_from_below_a,
          uniq_crazy_yiuf_cottage, uniq_eustachio, uniq_grinder

Skill      XL: |  1  2  3  4  5  6  7 |
---------------+----------------------+-----
Stealth        | 1 2 3 4 |  4.3
Fighting       | 2 3 |  3.4
Dodging        | 3 4 |  4.0
Unarmed Combat | 4 |  4.6
Poison Magic   | 1 |  1.4
Spellcasting   | |  2.3
Transmutations | |  2.5

Action                   |  1- 3 |  4- 6 |  7- 9 || total
-------------------------+-------+-------+-------++-------
Melee: Unarmed           |    46 |    94 |    20 ||   160
       Constrict         |    11 |    21 |     1 ||    33
       Tentacles         |     8 |    18 |     1 ||    27
       Kick              |    12 |    18 |     3 ||    33
       Punch             |     4 |     3 |       ||     7
 Cast: Beastly Appendage |     8 |    22 |     2 ||    32
       Spider Form       |       |     2 |     3 ||     5
 Stab: Sleeping          |     5 |    12 |     1 ||    18
Armor: Skin              |     4 |     3 |       ||     7
Dodge: Dodged            |    27 |    47 |     9 ||    83

Table legend: (Time is in decaauts)
 A = Elapsed time spent in this place.
 B = Non-inter-level travel time spent in this place.
 C = Inter-level travel time spent in this place.
 D = Time resting spent in this place.
 E = Time spent auto-exploring this place.
 F = Levels seen in this place.
 G = Mean time per level.
                   A        B        C        D        E       F      G
               +--------+--------+--------+--------+--------+-----+--------+
         Total |   4287 |   4108 |    179 |    907 |   2602 |   4 | 1071.8 |
       Dungeon |   4287 |   4108 |    179 |    907 |   2602 |   4 | 1071.8 |
               +--------+--------+--------+--------+--------+-----+--------+

Top non-repeatable levels by time:
     D:3: 1808 daAuts
     D:2: 1299 daAuts
     D:4: 769 daAuts
     D:1: 409 daAuts
